 Dungeon Crawl Stone Soup version 0.28-a0-909-g796cbd3a86 (webtiles) character file.

Game seed: 1790758537959230523

305 Zonian the Poker (level 6, -2/47 HPs)
             Began as a Demonspawn Gladiator on Nov 25, 2021.
             Was a Plaything of Xom.
             Slain by an ice beast (13 damage)
             ... on level 4 of the Dungeon.
             The game lasted 00:05:03 (4234 turns).

Zonian the Poker (Demonspawn Gladiator)             Turns: 4234, Time: 00:05:03

Health: -2/47      AC:  6    Str: 15    XL:     6   Next: 15%
Magic:  6/6        EV: 13    Int:  9    God:    Xom [...*..]
Gold:   119        SH:  0    Dex: 16    Spells: 5/5 levels left

rFire   . . .      SeeInvis .   a - +0 trident
rCold   . . .      Faith    .   (no shield)
rNeg    . . .      Spirit   .   b - +0 leather armour
rPois   .          Reflect  .   c - +0 helmet
rElec   .          Harm     .   (no cloak)
rCorr   .          Rampage  .   (no gloves)
Will    .....                   q - +1 pair of boots
Stlth   ++........              (no amulet)
HPRegen 0.15/turn               (no ring)
MPRegen 0.10/turn               (no ring)

@: no status effects
A: demonic magic 1, demonic touch 1
a: Renounce Religion


You were on level 4 of the Dungeon.
You worshipped Xom.
You were a favourite toy of Xom.
You visited 1 branch of the dungeon, and saw 4 of its levels.

You collected 119 gold pieces.

Inventory:

Hand Weapons
 a - a +0 trident (weapon)
 i - a +0 hunting sling
Missiles
 d - 3 throwing nets (quivered)
 l - 37 poisoned darts
 n - 31 sling bullets
Armour
 b - a +0 leather armour (worn)
 c - a +0 helmet (worn)
 q - a +1 pair of boots (worn)
Jewellery
 g - a ring of ice
 m - an amulet of faith
Scrolls
 e - 2 scrolls of magic mapping
 j - a scroll of vulnerability
Potions
 f - 2 potions of attraction {unknown}
 h - 4 potions of curing
 k - a potion of magic
 o - 2 potions of heal wounds {unknown}
 p - a potion of might {unknown}


   Skills:
 + Level 3.0 Fighting
 + Level 4.6 Polearms
 + Level 2.0 Throwing
 + Level 2.0 Armour
 + Level 3.4 Dodging
 + Level 1.4 Stealth


You had 5 spell levels left.
You didn't know any spells.
Your spell library was empty.

Dungeon Overview and Level Annotations

Branches:
Dungeon (4/15)             Temple (0/1) D:4

Altars:
Xom

Shops:
D:4 :


Innate Abilities, Weirdness & Mutations

Spells you cast may paralyse adjacent enemies.
Your touch may inflict minor irresistible damage on your foes.


Message History

Found an escape hatch in the ceiling.
You reach to attack!
The helpless ice beast fails to defend itself.
You puncture the ice beast!
The ice beast is heavily wounded.
You hit the ice beast.
The ice beast is heavily wounded.
The ice beast misses you.
You hit the ice beast but do no damage.
The ice beast is heavily wounded.
The ice beast completely misses you.
You closely miss the ice beast.
The ice beast is heavily wounded.
The ice beast hits you. The ice beast freezes you.
You hit the ice beast. Your touch misses the ice beast.
The ice beast is severely wounded.
The ice beast hits you but does no damage.
You closely miss the ice beast. Your touch misses the ice beast.
The ice beast is severely wounded.
The ice beast hits you. The ice beast freezes you!
A shower of butterflies erupts from you!
You hit the ice beast.
The ice beast is almost dead.
The ice beast hits you. The ice beast freezes you!
* * * LOW HITPOINT WARNING * * *
You are too injured to fight recklessly!
Unknown command.
You hit the ice beast.
The ice beast is almost dead.
The ice beast hits you but does no damage.
You closely miss the ice beast.
You touch the ice beast.
The ice beast is almost dead.
The ice beast barely misses you.
Unknown command.
You closely miss the ice beast.
The ice beast is almost dead.
The ice beast hits you.
* * * LOW HITPOINT WARNING * * *
The ice beast freezes you!
You die...

#+ ..... ##..
<...... .....
#.......# ...
#.......# ...
#.......####'###
#..............#
#.......b.@Y...#
#...b....bb....#
#..............##
#.................
###
#......)..........
..#
#####'######'##...
..#
#.......#.....#...
..#
#.......'.....'...
..#
#.......#.....#..


You could see an ice beast (ally target).

Vanquished Creatures
  A phantom (D:3)
  2 orc priests
  An orc wizard (D:3)
  Natasha (D:3)
  2 adders
  4 worms
  3 dart slugs
  9 orcs
  7 endoplasms
  5 giant cockroaches
  8 hobgoblins
  10 jackals
  3 quokkas (D:1)
  2 ball pythons
  6 bats
  A frilled lizard (D:1)
  6 goblins
  7 kobolds
  5 rats
83 creatures vanquished.

Notes
Turn   | Place    | Note
-------+----------+-------------------------------------------
     0 | D:1      | Zonian the Demonspawn Gladiator began the quest for the
                  | Orb.
     0 | D:1      | Reached XP level 1. HP: 16/16 MP: 1/1
   246 | D:1      | Gained mutation: Your touch may inflict minor irresistible
                  | damage on your foes. [demonic ancestry]
   246 | D:1      | Reached XP level 2. HP: 18/22 MP: 2/2
   394 | D:1      | Reached skill level 3 in Polearms
   733 | D:1      | Gained mutation: Spells you cast may paralyse adjacent
                  | enemies. [demonic ancestry]
   733 | D:1      | Reached XP level 3. HP: 27/27 MP: 3/3
  1937 | D:2      | Reached XP level 4. HP: 8/34 MP: 4/4
  2307 | D:3      | Noticed Natasha
  2309 | D:3      | Killed Natasha
  2310 | D:3      | Reached skill level 1 in Armour
  2365 | D:3      | Found a faded altar of an unknown god.
  2401 | D:3      | Prayed at the altar of an unknown god.
  2401 | D:3      | Became a worshipper of Xom of Chaos
  2498 | D:3      | Noticed a phantom
  2498 | D:3      | XOM: divination: magic mapping
  2506 | D:3      | Killed a phantom
  2507 | D:3      | Reached skill level 4 in Polearms
  2507 | D:3      | Reached skill level 1 in Stealth
  2507 | D:3      | Reached XP level 5. HP: 21/39 MP: 5/5
  2682 | D:3      | XOM: silly message
  3190 | D:3      | XOM: silly message
  3251 | D:3      | XOM: silly message
  3507 | D:3      | XOM: noise
  3602 | D:4      | Reached XP level 6. HP: 22/46 MP: 6/6
  4052 | D:4      | Found a staircase to the Ecumenical Temple.
  4058 | D:4      | Found Tomer's Self-Improvement Boutique.
  4218 | D:4      | Noticed an ice beast
  4230 | D:4      | XOM: butterfly on damage
  4234 | D:4      | Slain by an ice beast

Illustrated notes

Levels and vault maps discovered:
D:1:      nzn_arrival_settlement, layout_loops_ring,
          wad_floor_pattern_untrapped, minmay_tiny_reverse_x
D:2:      layout_basic
D:3:      layout_loops_ring, hellmonk_ecumenical_altar_lost_god,
          minmay_crystal_water, uniq_natasha
D:4:      layout_gridville, minmay_temple_entry_proselytizer,
          nicolae_shop_self_help

Skill      XL: |  1  2  3  4  5  6 |
---------------+-------------------+-----
Dodging        | 3 |  3.4
Polearms       | 3 4 |  4.6
Throwing       | 2 |  2.0
Armour         | 1 2 |  2.0
Stealth        | 1 |  1.4
Fighting       | 3 |  3.0

Action                   |  1- 3 |  4- 6 || total
-------------------------+-------+-------++-------
Melee: Trident           |   127 |   133 ||   260
       Touch             |    15 |    25 ||    40
  Use: Scroll            |       |     5 ||     5
 Stab: Sleeping          |     2 |     5 ||     7
Armor: Leather armour    |    30 |    23 ||    53
Dodge: Dodged            |    57 |    56 ||   113

Table legend: (Time is in decaauts)
 A = Elapsed time spent in this place.
 B = Non-inter-level travel time spent in this place.
 C = Inter-level travel time spent in this place.
 D = Time resting spent in this place.
 E = Time spent auto-exploring this place.
 F = Levels seen in this place.
 G = Mean time per level.
                   A        B        C        D        E       F      G
               +--------+--------+--------+--------+--------+-----+--------+
         Total |   4270 |   4180 |     90 |   1207 |   2282 |   4 | 1067.5 |
       Dungeon |   4270 |   4180 |     90 |   1207 |   2282 |   4 | 1067.5 |
               +--------+--------+--------+--------+--------+-----+--------+

Top non-repeatable levels by time:
     D:3: 1465 daAuts
     D:2: 1229 daAuts
     D:1: 1086 daAuts
     D:4: 489 daAuts
